 Dungeon Crawl Stone Soup version 0.30-a0-719-gcc4359ea44 (webtiles) character file.

Game seed: 10478300814618924601

9 Absynth the Poker (level 2, 18/22 HPs)
             Began as a Demonspawn Gladiator on Jan 26, 2023.
             Quit the game on level 1 of the Dungeon.
             The game lasted 00:01:03 (276 turns).

Absynth the Poker (Demonspawn Gladiator)             Turns: 276, Time: 00:01:04

Health: 18/22      AC:  4    Str: 14    XL:     2   Next: 3%
Magic:  2/2        EV: 12    Int:  9    God:
Gold:   25         SH:  0    Dex: 14    Spells: 1/1 levels left

rFire   . . .      SeeInvis .    a - +0 trident
rCold   . . .      Faith    .    (no shield)
rNeg    . . .      Spirit   .    b - +0 leather armour
rPois   .          Reflect  .    c - +0 helmet
rElec   .          Harm     .    (no cloak)
rCorr   .          Rampage  .    (no gloves)
Will    .....                    (no boots)
Stlth   +                        (no amulet)
HPRegen 0.23/turn                (no ring)
MPRegen 0.08/turn                (no ring)

@: no status effects
A: hooves 1
a: no special abilities


You were on level 1 of the Dungeon.
You visited 1 branch of the dungeon, and saw 1 of its levels.

You collected 25 gold pieces.

Inventory:

Hand Weapons
 a - a +0 trident (weapon)
Missiles
 d - 3 throwing nets (quivered)
 e - a javelin
Armour
 b - a +0 leather armour (worn)
 c - a +0 helmet (worn)
Scrolls
 f - a scroll of teleportation {unknown}
 j - a scroll of poison {unknown}
Potions
 g - a potion of invisibility {unknown}
 h - a potion of curing {unknown}
 i - a potion of cancellation {unknown}


   Skills:
 + Level 2.2 Fighting
 * Level 3.0 Polearms
 - Level 1.7 Throwing
 + Level 2.8 Dodging


You had one spell level left.
You didn't know any spells.
Your spell library contained the following spells:

 Spells                   Type           Power      Damage    Failure   Level
 Magic Dart               Conj           0%         1d3       45%         1
 Searing Ray              Conj           0%         2d4       61%         2
 Fulminant Prism          Conj/Hex       0%         3d5       99%         4


Dungeon Overview and Level Annotations

Branches:
Dungeon (1/15)

Altars:


Innate Abilities, Weirdness & Mutations

You have large cloven feet.


Message History

The endoplasm is moderately wounded.
The endoplasm hits you but does no damage.
You puncture the endoplasm!
You kill the endoplasm!
Your Polearms skill increases to level 3!
No target in view!
No target in view!
h - a sedimented emerald potion You now have 12 gold pieces.
i - a fuming silvery potion You pick up a book of Conjurations and begin reading...
You add the spells Magic Dart, Searing Ray and Fulminant Prism to your library.
j - a scroll labelled QEBLAW XEZEALAR You now have 25 gold pieces (gained 13).
A dart slug comes into view.
A ball python comes into view.
The ball python hisses angrily.
You reach to attack!
You hit the dart slug.
The dart slug is lightly wounded.
You hit the ball python but do no damage.
The ball python bites you. The ball python closely misses you.
You hit the ball python.
The ball python is heavily wounded.
The ball python barely misses you. The ball python completely misses you.
You closely miss the ball python.
The ball python is heavily wounded.
The ball python misses you. The ball python barely misses you. x2
The ball python grabs you. The ball python constricts you.
You closely miss the ball python.
The ball python is heavily wounded.
The ball python misses you. The ball python constricts you.
You puncture the ball python!
You kill the ball python!
The dart slug launches a dart at you. The slug dart hits you.
You have reached level 2!
You feel monstrous as your demonic heritage exerts itself.
Your demonic ancestry asserts itself...
Your feet thicken and deform.
Are you sure you want to abandon this character and quit the game? (Confirm with "yes".)

#.###.###.#####.#.#.###.#
#.##.## ##.#####..#.##.##
#....#####............##
#..#.##....######.....###
#..##...#................
#..##.#...............###
#..###.#.########..>..#
#..# ##..# #.##### #..#
##@# #.# #..# #†# #.#
#..# .w. #.# ...# #.....
#.# ### #...)...###.# #..
........ ...# #.#
#....... #..# #.#
#.......##..# #.#
.....##..#####.#


You could see a dart slug.

Vanquished Creatures
  A ball python (D:1)
  2 endoplasms (D:1)
  2 hobgoblins (D:1)
  2 frilled lizards (D:1)
  A rat (D:1)
8 creatures vanquished.

Notes
Turn   | Place    | Note
-------+----------+-------------------------------------------
     0 | D:1      | Absynth the Demonspawn Gladiator began the quest for the
                  | Orb.
     0 | D:1      | Reached XP level 1. HP: 16/16 MP: 1/1
   168 | D:1      | Reached skill level 3 in Polearms
   276 | D:1      | Discovered your monstrous ancestry.
   276 | D:1      | Gained mutation: You have large cloven feet. [demonic
                  | ancestry]
   276 | D:1      | Reached XP level 2. HP: 18/22 MP: 2/2
   276 | D:1      | Quit the game

Illustrated notes

Levels and vault maps discovered:
D:1:      dpeg_arrival_fog, layout_loops_ring

Skill      XL: |  1 |
---------------+----+-----
Polearms       | 3 |  3.0
Fighting       | |  2.2
Throwing       | |  1.7
Dodging        | |  2.8

Action                     || total
---------------------------++-------
  Melee: Trident           ||    31
         Punch             ||     1
 Armour: Leather armour    ||     3
  Dodge: Dodged            ||    20

Table legend: (Time is in decaauts)
 A = Elapsed time spent in this place.
 B = Non-inter-level travel time spent in this place.
 C = Inter-level travel time spent in this place.
 D = Time resting spent in this place.
 E = Time spent auto-exploring this place.
 F = Levels seen in this place.
 G = Mean time per level.
                   A        B        C        D        E       F      G
               +--------+--------+--------+--------+--------+-----+--------+
         Total |    280 |    280 |      0 |      0 |    214 |   1 |  280.0 |
       Dungeon |    280 |    280 |      0 |      0 |    214 |   1 |  280.0 |
               +--------+--------+--------+--------+--------+-----+--------+

Top non-repeatable levels by time:
     D:1: 280 daAuts
